 Dungeon Crawl Stone Soup version 0.27-a0-334-g52645efa06 (webtiles) character file.

Game seed: 13843710499095800873

28394 sahdkjhfkaj the Fighter (level 13, -4/151 HPs)
             Began as an Ogre Transmuter on Feb 13, 2021.
             Was the Champion of Hepliaklqana.
             Slain by a seven-headed hydra (12 damage)
             ... on level 5 of the Lair of Beasts.
             The game lasted 00:26:17 (26447 turns).

sahdkjhfkaj the Fighter (Ogre Transmuter)          Turns: 26447, Time: 00:26:18

Health: -4/151     AC:  6    Str: 21    XL:     13   Next: 38%
Magic:  22/22      EV: 11    Int: 14    God:    Hepliaklqana [******]
Gold:   1104       SH:  0    Dex:  9    Spells: 9/24 levels left

rFire    x . .     SeeInvis .     - Unarmed
rCold    + + +     Faith    +   (shield currently unavailable)
rNeg     . . .     Spirit   .   (armour currently unavailable)
rPois    +         Reflect  .   (helmet currently unavailable)
rElec    .         Harm     .   (cloak currently unavailable)
rCorr    +         Rampage  .   (gloves unavailable)
Will     +....                  (boots unavailable)
Stlth    +.........             c - amulet of faith
HPRegen  0.35/turn              r - ring of resist corrosion
MPRegen  0.18/turn              (no ring)

@: ice-form
A: large, unfitting armour, reduced essence
a: End Transformation, Renounce Religion, Recall Ancestor, Ancestor Identity,
Transference, Idealise


You were on level 5 of the Lair of Beasts.
You worshipped Hepliaklqana.
Hepliaklqana was exalted by your worship.
You were a creature of crystalline ice.
You visited 2 branches of the dungeon, and saw 17 of its levels.

You collected 1186 gold pieces.
You spent 82 gold pieces at shops.

Inventory:

Missiles
 A - 5 throwing nets {!f}
Armour
 a - a +0 robe (melded)
 B - a +0 cloak (melded)
Jewellery
 c - an amulet of faith (around neck)
 l - an amulet of guardian spirit {unknown}
 r - a ring of resist corrosion (left front paw)
 y - an amulet of magic regeneration {unknown}
 D - a ring of wizardry {unknown}
 G - an amulet of regeneration {unknown}
 K - an amulet of the acrobat {unknown}
Wands
 C - a wand of mindburst (9)
 H - a wand of iceblast (15) {@v4}
 I - a wand of digging (2) {@v1}
 L - a wand of flame (10)
 O - a wand of acid (9) {@v2}
Scrolls
 b - a scroll of enchant weapon
 e - 4 scrolls of teleportation {@r3}
 j - a scroll of fear
 k - 3 scrolls of enchant armour
 t - a scroll of magic mapping
 v - 3 scrolls of blinking {@r4}
 E - a scroll of torment
 F - a scroll of acquirement {unknown}
 J - a scroll of fog {unknown}
 M - a scroll of vulnerability {unknown}
 N - a scroll of holy word
 Q - a scroll of silence {unknown}
Potions
 f - a potion of mutation {unknown}
 g - a potion of magic {unknown}
 h - 6 potions of curing {@q1}
 i - 2 potions of lignification
 m - a potion of brilliance {unknown}
 p - 2 potions of haste {unknown}
 q - a potion of cancellation {unknown}
 s - 2 potions of heal wounds {unknown}
 u - 2 potions of might {@q4}
 w - a potion of ambrosia
 x - 3 potions of attraction {unknown}
 z - 4 potions of flight
 P - a potion of berserk rage {unknown}


   Skills:
 + Level 12.2 Fighting
 - Level 5.0 Dodging
 + Level 11.1 Unarmed Combat
 - Level 6.0 Spellcasting
 - Level 5.0 Translocations
 - Level 10.0 Transmutations
 - Level 6.6 Ice Magic
 - Level 5.0 Poison Magic


You had 9 spell levels left.
You knew the following spells:

 Your Spells              Type           Power        Failure   Level
a - Beastly Appendage     Tmut           64%          1%          1
b - Blink                 Tloc           N/A          3%          2
c - Ice Form              Ice/Tmut       27%          4%          4
q - Blade Hands           Tmut           16%          7%          5
x - Spider Form           Tmut/Pois      12%          2%          3

Your spell library contained the following spells:

 Spells                   Type           Power        Failure   Level
 Wereblood                Tmut           32%          1%          2
 Poisonous Vapours        Pois/Air       22%          9%          2
 Corona                   Hex            4%           16%         1
 Magic Dart               Conj           16%          16%         1
 Portal Projectile        Hex/Tloc       22%          17%         3
 Call Imp                 Summ           4%           24%         2
 Slow                     Hex            4%           24%         2
 Mephitic Cloud           Conj/Pois/Air  8%           24%         3
 Conjure Flame            Conj/Fire      4%           43%         3
 Inner Flame              Hex/Fire       4%           43%         3
 Cause Fear               Hex            2%           83%         4
 Leda's Liquefaction      Hex/Erth       2%           83%         4
 Freezing Cloud           Conj/Ice/Air   5%           100%        6


Dungeon Overview and Level Annotations

Branches:
Dungeon (12/15)            Temple (0/1) D:4            Lair (5/6) D:11
  Swamp (0/4) Lair:2       Spider (0/4) Lair:2          Orc (0/2) D:9
  Slime: Lair:5-6

Altars:
Ashenzari
Cheibriados
Elyvilon
Hepliaklqana
Kikubaaqudgha
Makhleb
Qazlal
Ru
Sif Muna
Trog
Wu Jian
Yredelemnul
The Shining One

Shops:
D:4 =   D:7 ?

Annotations:
D:6 3 runed translucent doors, Zekkers's ghost, novice SpVM
D:8 1 runed translucent door
D:11 1 runed translucent door, Liquidunit's ghost, journeyman MiBe
Lair:4 exclusion: ice statue


Innate Abilities, Weirdness & Mutations

You are too large for most types of armour.
((You have tough skin. (AC +1)))
Your life essence is reduced to manifest your ancestor. (-10% HP)
((Armour fits poorly on your strangely shaped body.))


Message History

Your +0 cloak melds into your body.
Your +0 robe melds into your body.
Unknown command.
The seven-headed hydra misses you. The seven-headed hydra bites you.
The seven-headed hydra bites you! x4; The seven-headed hydra bites you.
You pummel the seven-headed hydra!!
The seven-headed hydra seems to slow down.
You freeze the seven-headed hydra.
The seven-headed hydra is moderately wounded.
The seven-headed hydra barely misses you.
The seven-headed hydra bites you!
The seven-headed hydra bites you but does no damage.
The seven-headed hydra bites you. The seven-headed hydra bites you!
The seven-headed hydra misses you. The seven-headed hydra bites you.
You are too injured to fight recklessly!
Unknown command.
You swap places.
The seven-headed hydra is no longer moving slowly.
Jakfhjkdhas barely misses the seven-headed hydra.
Jakfhjkdhas hits the seven-headed hydra with a +0 quarterstaff!
The seven-headed hydra closely misses you.
The seven-headed hydra bites you!
The seven-headed hydra closely misses you. x2
The seven-headed hydra bites you.
The seven-headed hydra closely misses you.
The seven-headed hydra bites you!
* * * LOW HITPOINT WARNING * * *
Jakfhjkdhas hits the seven-headed hydra with a +0 quarterstaff!!
The seven-headed hydra bites jakfhjkdhas! x4
Jakfhjkdhas is destroyed!
The seven-headed hydra bites you but does no damage.
The seven-headed hydra bites you!
* * * LOW HITPOINT WARNING * * *
The seven-headed hydra bites you!
* * * LOW HITPOINT WARNING * * *
The seven-headed hydra bites you!
* * * LOW HITPOINT WARNING * * *
The seven-headed hydra bites you!
* * * LOW HITPOINT WARNING * * *
The seven-headed hydra bites you!
You die...

.................P#
.................#
.................#
#.....#.......P..##
.....P..P..#.P.P..##
...................#
......#..........###
.....##....P###D.#
........#.PP###.Y##
............PP....#
..................##
...................#
.................P##
..................#
.................P#
......###........##
#.....####.#.##..#


You could see a seven-headed hydra.

Vanquished Creatures
  3 hydras
  Harold (D:6)
  A catoblepas (Lair:2)
  A two-headed ogre (D:10)
  Nergalle (Lair:2)
  A cyclops (D:11)
  A black mamba (Lair:2)
  6 cane toads
  A komodo dragon (Lair:5)
  2 hornets (D:9)
  3 trolls
  3 polar bears (Lair:4)
  2 blink frogs (Lair:2)
  2 wyverns
  24 yaks
  Sigmund (D:6)
  2 wraiths
  A fire elemental (Lair:4)
  5 vampire mosquitoes (Lair:2)
  10 water moccasins
  7 orc warriors
  6 black bears
  A sky beast (D:9)
  5 ice beasts
  An eye of draining (D:11)
  3 ogres
  9 wolves
  3 centaurs
  A phantom (D:7)
  2 kobold brigands
  16 bullfrogs
  3 scorpions
  A water moccasin skeleton (D:12)
  6 killer bees
  3 wights
  A centaur zombie (D:7)
  A howler monkey (D:5)
  3 jellies
  3 quasits
  3 bullfrog zombies
  7 orc priests
  3 hounds
  4 iguanas
  A bullfrog skeleton (D:11)
  8 worker ants
  5 orc wizards
  A hound zombie (D:5)
  A worker ant zombie (D:7)
  11 adders
  8 gnolls
  2 river rats (D:5)
  2 shadow imps
  2 white imps
  4 ufetubi
  An adder skeleton (D:9)
  An adder zombie (D:9)
  4 worms
  3 dart slugs (D:1)
  2 leopard geckos
  25 orcs
  A ball python (D:3)
  9 giant cockroaches
  2 gnoll zombies (D:7)
  7 hobgoblins
  5 jackals
  15 kobolds
  3 quokkas
  7 bats
  6 goblins
  A quokka zombie (D:8)
  6 rats
306 creatures vanquished.

Vanquished Creatures (collateral kills)
  2 hydras
  3 cane toads
  A komodo dragon (Lair:1)
  A jumping spider (Lair:2)
  2 polar bears
  A blink frog (Lair:2)
  9 yaks
  2 wraiths
  A basilisk (Lair:2)
  Menkaure (D:6)
  A sky beast (D:7)
  3 ice beasts (Lair:4)
  2 orc warriors
  A centaur (D:8)
  A kobold brigand (D:12)
  7 bullfrogs
  A scorpion (D:6)
  2 killer bees (D:10)
  2 wights (D:8)
  A bullfrog zombie (D:5)
  2 jellies (D:5)
  An orc priest (D:6)
  4 orc wizards
  3 worker ants
  A hound skeleton (D:6)
  3 gnolls
  An adder (D:3)
  A river rat (D:5)
  A shadow imp (D:7)
  A white imp (Lair:4)
  An adder zombie (D:5)
  An adder skeleton (D:9)
  2 leopard geckos
  17 orcs
  A goblin (D:2)
  A hobgoblin (D:3)
  A quokka (D:11)
  A bat (D:2)
  A frilled lizard (D:2)
  A kobold (D:12)
  3 rats
92 creatures vanquished.

Vanquished Creatures (others)
  An ancestor (D:5)
  12 battlemagi
  43 fungi
  58 plants
114 creatures vanquished.

Grand Total: 512 creatures vanquished

Notes
Turn   | Place    | Note
-------+----------+-------------------------------------------
     0 | D:1      | sahdkjhfkaj the Ogre Transmuter began the quest for the
                  | Orb.
     0 | D:1      | Reached XP level 1. HP: 19/19 MP: 3/3
    91 | D:1      | Reached skill level 2 in Fighting
    97 | D:1      | Reached XP level 2. HP: 8/28 MP: 5/5
   844 | D:1      | Reached XP level 3. HP: 36/36 MP: 6/6
   949 | D:1      | Learned a level 3 spell: Spider Form
  1000 | D:2      | Reached skill level 3 in Fighting
  1151 | D:2      | Found a shimmering blue altar of Sif Muna.
  1151 | D:2      | Found a hazy altar of Hepliaklqana.
  1159 | D:2      | Found a white marble altar of Elyvilon.
  1161 | D:2      | Found an ornate altar of the Wu Jian Council.
  1163 | D:2      | Found a burning altar of Makhleb.
  1273 | D:2      | Became a worshipper of Hepliaklqana the Forgotten
  1828 | D:2      | Reached XP level 4. HP: 39/40 MP: 8/8
  2182 | D:3      | Found a stormy altar of Qazlal.
  2289 | D:3      | Reached skill level 1 in Poison Magic
  2555 | D:3      | Reached * piety under Hepliaklqana
  3056 | D:3      | Found an ancient bone altar of Kikubaaqudgha.
  3195 | D:4      | Found a staircase to the Ecumenical Temple.
  3478 | D:4      | Reached XP level 5. HP: 39/47 MP: 5/9
  3702 | D:4      | Noticed an ogre
  3717 | D:4      | Killed an ogre
  3718 | D:4      | Reached XP level 6. HP: 22/54 MP: 7/10
  3992 | D:4      | Found Tidaocza's Jewellery Emporium.
  4279 | D:5      | Entered Level 5 of the Dungeon
  4621 | D:5      | Reached XP level 7. HP: 56/60 MP: 7/11
  5783 | D:5      | Reached skill level 5 in Transmutations
  6202 | D:6      | Noticed Menkaure
  6362 | D:6      | Reached ** piety under Hepliaklqana
  6400 | D:6      | Noticed a yak
  6400 | D:6      | Noticed a yak
  6401 | D:6      | Remembered your ancestor jakfhjkdhas as a battlemage
  6402 | D:6      | Noticed a yak
  6410 | D:6      | Killed a yak
  6410 | D:6      | Noticed a yak
  6411 | D:6      | Reached skill level 5 in Poison Magic
  6411 | D:6      | Reached skill level 4 in Fighting
  6411 | D:6      | Reached XP level 8. HP: 27/70 MP: 9/12
  6533 | D:5      | Killed a yak
  6866 | D:6      | Reached skill level 5 in Fighting
  6934 | D:6      | Found a runed translucent gate.
  6934 | D:6      | Found a runed translucent gate.
  6934 | D:6      | Found a runed translucent gate.
  7219 | D:6      | Found a snail-covered altar of Cheibriados.
  7296 | D:6      | Reached skill level 6 in Fighting
  7388 | D:6      | Reached skill level 5 in Unarmed Combat
  7464 | D:6      | Killed Menkaure
  7508 | D:6      | Noticed Sigmund
  7521 | D:6      | Killed Sigmund
  7522 | D:6      | Reached skill level 7 in Fighting
  7522 | D:6      | Reached XP level 9. HP: 55/83 MP: 10/13
  7539 | D:6      | Learned a level 5 spell: Blade Hands
  8310 | D:6      | Noticed Zekkers's ghost (novice SpVM)
  8520 | D:7      | Reached skill level 8 in Fighting
  8536 | D:7      | Noticed Harold
  8584 | D:6      | Killed Harold
  8585 | D:6      | Reached skill level 5 in Spellcasting
  8727 | D:6      | Learned a level 4 spell: Ice Form
  8948 | D:7      | Found Lohan's Magic Scroll Emporium.
  8960 | D:7      | Bought a scroll of blinking for 82 gold pieces
  9168 | D:7      | Reached *** piety under Hepliaklqana
  9312 | D:7      | Reached skill level 1 in Ice Magic
  9399 | D:7      | Found a broken altar of Ashenzari.
  9763 | D:7      | Found a snail-covered altar of Cheibriados.
  9863 | D:7      | Reached XP level 10. HP: 93/93 MP: 13/17
 10203 | D:7      | Found a basalt altar of Yredelemnul.
 10615 | D:8      | Gained mutation: Armour fits poorly on your strangely
                  | shaped body. [mutagenic glow]
 10702 | D:8      | Got a faintly glowing cloak
 10719 | D:8      | Identified the -4 cloak of the Will of the Gods {rCorr
                  | Str+4 Dex-3 SInv} (You found it on level 8 of the Dungeon)
 11693 | D:8      | Noticed a yaktaur captain
 11693 | D:8      | Noticed a centaur warrior
 11693 | D:8      | Noticed an ogre mage
 11694 | D:8      | Found a runed translucent door.
 11696 | D:8      | Noticed a manticore
 11696 | D:8      | Noticed an ice dragon
 11696 | D:8      | Noticed an ogre mage
 11696 | D:8      | Noticed a necromancer
 11737 | D:8      | Reached **** piety under Hepliaklqana
 11758 | D:8      | Reached skill level 5 in Ice Magic
 11856 | D:8      | Found a glowing golden altar of the Shining One.
 12207 | D:9      | Found a staircase to the Orcish Mines.
 12725 | D:9      | You fall into a shaft and drop 3 floors!
 13073 | D:11     | Found a runed translucent door.
 13073 | D:11     | Noticed Liquidunit's ghost (journeyman MiBe)
 13295 | D:11     | Found a staircase to the Lair.
 13457 | D:10     | Entered Level 10 of the Dungeon
 13667 | D:10     | Reached XP level 11. HP: 23/99 MP: 18/18
 14645 | D:9      | Reached ***** piety under Hepliaklqana
 14646 | D:9      | Found a bloodstained altar of Trog.
 15362 | D:9      | Found a sacrificial altar of Ru.
 15762 | D:9      | Found a glowing golden altar of the Shining One.
 16902 | D:10     | Noticed a two-headed ogre
 16909 | D:10     | Killed a two-headed ogre
 17669 | D:11     | Noticed a cyclops
 17673 | D:11     | Killed a cyclops
 18274 | Lair:1   | Entered Level 1 of the Lair of Beasts
 18328 | Lair:1   | Reached skill level 10 in Transmutations
 18854 | Lair:1   | Reached XP level 12. HP: 108/108 MP: 16/21
 19269 | Lair:1   | Noticed a four-headed hydra
 19277 | Lair:1   | Killed a four-headed hydra
 19278 | Lair:1   | Reached skill level 5 in Dodging
 20157 | Lair:2   | Reached skill level 9 in Fighting
 20255 | Lair:2   | Noticed an eight-headed hydra
 20261 | Lair:2   | Killed an eight-headed hydra
 20356 | Lair:2   | Noticed Nergalle
 20363 | Lair:2   | Killed Nergalle
 20642 | Lair:2   | Found a hole to the Spider Nest.
 20689 | Lair:2   | Reached skill level 10 in Fighting
 21061 | Lair:2   | Noticed a catoblepas
 21072 | Lair:2   | Killed a catoblepas
 21073 | Lair:2   | Reached skill level 10 in Unarmed Combat
 21157 | Lair:2   | Found a staircase to the Swamp.
 22300 | Lair:3   | Reached skill level 11 in Fighting
 22662 | Lair:3   | Noticed a five-headed hydra
 22671 | Lair:3   | Killed a five-headed hydra
 23110 | Lair:4   | Noticed an eight-headed hydra
 23329 | Lair:4   | Reached XP level 13. HP: 125/125 MP: 22/22
 23599 | Lair:4   | Learned a level 2 spell: Blink
 23603 | Lair:4   | Reached skill level 1 in Translocations
 24208 | Lair:4   | Reached ****** piety under Hepliaklqana
 25966 | Lair:5   | Reached skill level 5 in Translocations
 25966 | Lair:5   | Reached skill level 12 in Fighting
 26447 | Lair:5   | Slain by a seven-headed hydra

Illustrated notes

Levels and vault maps discovered:
D:1:      mrwooster_arrival_statue, layout_rooms
D:2:      layout_loops_ring, chequers_temple_overflow_minitemple, nrook_campfire
D:3:      layout_basic, kiku_gazebo_pond_becter,
          nicolae_qazlal_general_emergency, st_stairs_9
D:4:      layout_cave_pools, minmay_temple_entry_butterflies, st_stairs_6,
          minmay_shop_enchanted_jewellery
D:5:      layout_loops_ring, portal_sewer_entry_e, kennysheep_pointless_box
D:6:      layout_layer_cave, lemuel_crystal_altar, gammafunk_ghost_necromancy,
          uniq_menkaure, uniq_sigmund
D:7:      layout_layer_cave, ashenzari_altar_1, lemuel_zombie_altar_yredelemnul,
          serial_shops, shop_statue, cheibrodos_worm_habitat, uniq_harold
D:8:      minmay_gate_of_8, layout_basic, mrwooster_statue_mirror,
          nicolae_tso_swordbearing_angel
D:9:      nzn_winding_woodlands_three_and_one
          [nzn_winding_woodlands_5x15_zeroes,
          nzn_winding_woodlands_5x15_sawtooth,
          nzn_winding_woodlands_5x15_garden,
          nzn_winding_woodlands_center_lodge], layout_stronghold,
          old_standard_altar, nicolae_overflow_crystal_walls,
          lemuel_round_altar, minmay_quadrilaterals
D:10:     layout_layer_cave
D:11:     layout_irregular_city, grunt_lair_entry_orc_guard_hut,
          gauntlet_entry_generic, hellmonk_ghost_happy_afterlife
D:12:     layout_rooms, serial_shops, shop, hex_large, sword_in_stone, uniq_urug
Lair:1:   layout_chaotic_city
Lair:2:   layout_small_grid, minmay_swamp_entry_swarm, spider_nest_entry_a,
          small_statue_intersection, serial_bayou_lagoon_a, lemuel_fruit_tree,
          grunt_megastairs_5, serial_bayou_shore_b, uniq_nergalle
Lair:3:   layout_regular_city
Lair:4:   layout_gridlike, nicolae_volcano_entry_hallway, ice2_lemuel,
          infiniplex_staircase_pool_2
Lair:5:   layout_regular_city

Skill      XL: |  1  2  3  4  5  6  7  8  9 10 11 12 13 |
---------------+----------------------------------------+-----
Fighting       | 2 3 4 7 8 11 12 | 12.2
Unarmed Combat | 3 5 6 9 10 11 | 11.1
Transmutations | 2 3 4 5 7 8 10 | 10.0
Poison Magic   | 1 2 3 5 |  5.0
Spellcasting   | 3 5 6 |  6.0
Ice Magic      | 2 6 |  6.6
Dodging        | 3 5 |  5.0
Translocations | 5 |  5.0

Action                   |  1- 3 |  4- 6 |  7- 9 | 10-12 | 13-15 || total
-------------------------+-------+-------+-------+-------+-------++-------
Melee: Unarmed           |   147 |   122 |   247 |   497 |   113 ||  1126
       Kick              |     1 |       |       |       |       ||     1
       Headbutt          |     1 |       |       |       |       ||     1
       Punch             |     1 |       |       |     1 |     1 ||     3
 Cast: Beastly Appendage |     1 |       |       |       |       ||     1
       Spider Form       |       |     9 |    41 |     3 |       ||    53
       Ice Form          |       |       |       |    78 |    18 ||    96
       Blade Hands       |       |       |       |     6 |     2 ||     8
Invok: Ancestor Identity |     2 |       |       |       |       ||     2
       Ancestor Life: Ba |       |       |     1 |       |       ||     1
       Recall Ancestor   |       |       |       |     3 |       ||     3
 Abil: End Transformatio |       |       |       |     1 |       ||     1
Evoke: Wand              |       |       |       |     2 |     3 ||     5
  Use: Scroll            |       |     3 |       |    13 |     3 ||    19
       Potion            |       |     2 |       |     5 |       ||     7
 Stab: Distracted        |       |       |     1 |     2 |     1 ||     4
Armor: Robe              |    56 |    14 |    12 |     4 |     4 ||    90
       Skin              |       |     3 |     9 |   150 |    36 ||   198
Dodge: Dodged            |    83 |    64 |   203 |   277 |    69 ||   696

Table legend: (Time is in decaauts)
 A = Elapsed time spent in this place.
 B = Non-inter-level travel time spent in this place.
 C = Inter-level travel time spent in this place.
 D = Time resting spent in this place.
 E = Time spent auto-exploring this place.
 F = Levels seen in this place.
 G = Mean time per level.
                   A        B        C        D        E       F      G
               +--------+--------+--------+--------+--------+-----+--------+
         Total |  26396 |  25756 |    640 |    730 |  22112 |  17 | 1552.7 |
       Dungeon |  18242 |  17794 |    448 |    425 |  15190 |  12 | 1520.2 |
          Lair |   8153 |   7962 |    191 |    305 |   6921 |   5 | 1630.6 |
               +--------+--------+--------+--------+--------+-----+--------+

Top non-repeatable levels by time:
     D:9: 2497 daAuts
  Lair:4: 2454 daAuts
     D:5: 2296 daAuts
     D:6: 2096 daAuts
     D:7: 2093 daAuts
    D:10: 2092 daAuts
  Lair:2: 1820 daAuts
  Lair:1: 1717 daAuts
    D:11: 1498 daAuts
  Lair:3: 1437 daAuts
     D:8: 1373 daAuts
     D:3: 1365 daAuts
     D:2: 1070 daAuts
     D:1: 983 daAuts
     D:4: 846 daAuts
